 Dungeon Crawl Stone Soup version 0.30.0-29-ga12c61a403 (webtiles) character file.

Game seed: 12445214295493957144

3879 cheesebisquit the Cleaver (level 10, -17/88 HPs)
             Began as a Ghoul Gladiator on June 7, 2023.
             Demolished by an orc warlord
             ... wielding a +4 battleaxe
              (19 damage)
             ... in a bailey.
             The game lasted 00:25:25 (8857 turns).

cheesebisquit the Cleaver (Ghoul Gladiator)         Turns: 8857, Time: 00:25:25

Health: -17/88     AC: 14    Str: 19    XL:     10   Next: 19%
Magic:  9/9        EV:  8    Int:  7    God:
Gold:   532        SH:  4    Dex: 10    Spells: 4/9 levels left

rFire   . . .        a - +2 war axe (venom)
rCold   + . .        J - +0 buckler
rNeg    + + +        m - +0 chain mail
rPois   ∞            c - +0 helmet
rElec   .            (no cloak)
rCorr   .            t - +0 pair of gloves
SInv    .            h - +0 pair of boots
Will    .....        (no amulet) Stlth
                     (no ring)
HPRegen 0.00/turn    (no ring)
MPRegen 0.11/turn

%: no passive effects
@: about to teleport, inhibited regen, studying Necromancy
A: claws 1, cold resistance 1, negative energy resistance 3, inhibited
regeneration, torment resistance 2, devour on kill
a: no special abilities


You were in a bailey.
You visited 2 branches of the dungeon, and saw 9 of its levels.
You also visited: Bailey.

You collected 532 gold pieces.

Inventory:

Hand Weapons
 a - a +2 war axe of venom (weapon)
 v - a +0 dagger of freezing
 L - a +0 broad axe of flaming
Missiles
 e - a javelin (quivered)
 y - 24 boomerangs
Armour
 c - a +0 helmet (worn)
 h - a +0 pair of boots (worn)
 m - a +0 chain mail (worn)
 t - a +0 pair of gloves (worn)
 J - a +0 buckler (worn)
Jewellery
 d - a +4 ring of protection
 q - an amulet of faith
 H - an amulet of the acrobat
Wands
 x - a wand of flame (24)
 F - a wand of iceblast (10)
Scrolls
 f - a scroll of vulnerability {unknown}
 g - a scroll of immolation {unknown}
 i - 3 scrolls of brand weapon
 j - 6 scrolls of teleportation
 n - a scroll of amnesia {unknown}
 s - a scroll of fog
 u - a scroll of enchant armour {unknown}
 E - a scroll of noise {unknown}
 K - a scroll of magic mapping
Potions
 b - a potion of degeneration
 k - a potion of attraction {unknown}
 l - a potion of lignification
 o - 2 potions of cancellation
 r - 3 potions of berserk rage
 z - 2 potions of flight
 A - a potion of mutation {unknown}
 C - a potion of magic
 D - 2 potions of brilliance
 G - 2 potions of ambrosia {unknown}
 I - a potion of curing {unknown}
 M - a potion of resistance {unknown}


   Skills:
 + Level 7.9 Fighting
 * Level 9.5 Axes
 - Level 2.0 Throwing
 + Level 6.1 Armour
 - Level 2.6 Dodging
 + Level 2.0 Shields
 + Level 1.8 Evocations


You had 4 spell levels left.
You knew the following spells:

 Your Spells              Type           Power      Damage    Failure   Level
a - Kiss of Death         Conj/Necr      0%         2d5       99%         1
b - Dispel Undead         Necr           0%         3d6       100%        4

Your spell library contained the following spells:

 Spells                   Type           Power      Damage    Failure   Level
 Sting                    Tmut/Pois      0%         1d3       99%         1
 Ensorcelled Hibernation  Hex/Ice        0%         N/A       100%        2
 Passwall                 Tmut/Erth      0%         N/A       100%        2
 Poisonous Vapours        Pois/Air       0%         N/A       100%        2
 Confusing Touch          Hex            0%         N/A       100%        3
 Inner Flame              Hex/Fire       0%         N/A       100%        3
 Swiftness                Air            0%         N/A       100%        3
 Flame Wave               Conj/Fire      0%         2d4       100%        4
 Olgreb's Toxic Radiance  Pois           0%         N/A       100%        4
 Sticky Flame             Conj/Fire      0%         2d3       100%        4


Dungeon Overview and Level Annotations

Branches:
Dungeon (8/15)             Temple (1/1) D:7          Bailey (1/1)
   Lair: D:8-11

Altars:
Ashenzari
Cheibriados
Dithmenos
Fedhas
Gozag
Makhleb
Okawaru
Qazlal
Ru
Sif Muna
Trog
Uskayaw
Vehumet
Xom
Yredelemnul

Annotations:
D:4 1 runed translucent door, BillyBaka's ghost, amateur VSBr
D:5 2 transporters, JoshKwa's ghost, novice DrFE


Innate Abilities, Weirdness & Mutations

You are immune to poison.
You have sharp fingernails.
Your flesh is cold resistant. (rC+)
You are immune to negative energy. (rN+++)
You do not regenerate when monsters are visible.
You are immune to unholy pain and torment.
You thrive by killing the living.


Message History

HP restored.
You start waiting.
Done waiting.
Things that are here:
a +0 hand axe; a +0 leather armour
There is an open gate, spattered with blood here.
Items here: ))) [[[.
There is an open door here.
There is an open door here.
The orc warlord shouts!
You throw a poisoned dart. The poisoned dart hits the orc warlord.
The orc warlord is poisoned.
There is an open door here.
You throw a poisoned dart.
The poisoned dart closely misses the orc warlord.
You throw a poisoned dart. The poisoned dart hits the orc warlord.
The orc warlord looks even sicker.
You throw a poisoned dart. The poisoned dart hits the orc warlord.
You barely miss the orc warlord.
The orc warlord hits you with a +4 battleaxe.
You hit the orc warlord but do no damage.
The orc warlord is lightly wounded.
The orc warlord hits you with a +4 battleaxe!
You barely miss the orc warlord.
The orc warlord is lightly wounded.
The orc warlord hits you with a +4 battleaxe.
You slash the orc warlord!
The orc warlord is lightly wounded.
The orc warlord hits you with a +4 battleaxe!
You slash the orc warlord!
The orc warlord looks as sick as possible!
The orc warlord is lightly wounded.
The orc warlord hits you with a +4 battleaxe!
As you read the scroll of teleportation, it crumbles to dust.
You feel strangely unstable.
The orc warlord hits you with a +4 battleaxe!!
* * * LOW HITPOINT WARNING * * *
The orc warlord attacks as you move away!
The orc warlord hits you with a +4 battleaxe!!
You die...

#...'~~o........#.....)....
#...'o~....∩....#.....'...∩
#...'~~.........#.....))...
#...##~8.8...8.8##....#....
##.(..#~........?~#....##...
##.(...#~~#~.....:~#.....##..
##......####~~~#~~~##......##≈
#...8......#########........#≈
#........(('o@...'....8..8..#≈
#..........#~~~~~#..........#≈
##..8..8...#~~~~~#.........##≈
##.......##~~~~~##...8...##≈≈
##.....##.......##.....## ≈≈
##...##.........##...##
#####♣♣♣.....♣♣♣##### ♣♣♣∩♣♣♣
♣♣♣


You could see an orc warlord (extremely poisoned).

Vanquished Creatures
  A hornet (D:7)
  5 yaks (D:6)
  Sigmund (D:4)
  Eustachio (D:5)
  2 steam dragons
  5 orc warriors
  3 sky beasts
  An ice beast (D:6)
  An ogre (D:6)
  A phantom (D:4)
  Blork the orc (D:5)
  A bullfrog (D:8)
  2 scorpions
  4 wights (D:7)
  4 killer bees (D:5)
  A howler monkey (D:3)
  4 hounds
  4 orc priests
  2 iguanas
  2 sleepcaps (D:6)
  4 orc wizards
  A gnoll (Bailey)
  8 adders
  2 shadow imps
  A white imp (D:5)
  An ufetubus (D:6)
  4 worms
  A dart slug (D:2)
  26 orcs
  6 bats
  9 endoplasms
  7 giant cockroaches
  12 goblins
  13 hobgoblins
  10 jackals
  6 quokkas
  4 ball pythons
  6 frilled lizards
  19 kobolds
  6 rats
192 creatures vanquished.

Notes
Turn   | Place    | Note
-------+----------+-------------------------------------------
     0 | D:1      | cheesebisquit the Ghoul Gladiator began the quest for the
                  | Orb.
     0 | D:1      | Reached XP level 1. HP: 17/17 MP: 0/0
   135 | D:1      | Reached skill level 3 in Axes
   135 | D:1      | Reached XP level 2. HP: 25/25 MP: 1/1
   174 | D:1      | Found a faded altar of an unknown god.
   636 | D:2      | Reached XP level 3. HP: 26/30 MP: 2/2
   786 | D:2      | Reached skill level 1 in Armour
  1158 | D:2      | Reached XP level 4. HP: 32/37 MP: 3/3
  1417 | D:2      | You fall into a shaft and drop 1 floor!
  1444 | D:3      | Found a faded altar of an unknown god.
  2153 | D:3      | Reached skill level 4 in Axes
  2153 | D:3      | Reached XP level 5. HP: 30/45 MP: 4/4
  2346 | D:3      | Noticed a black bear
  2729 | D:3      | Found a shimmering altar of Xom.
  3106 | D:3      | Learned a level 1 spell: Kiss of Death
  3508 | D:4      | Reached XP level 6. HP: 52/52 MP: 5/5
  3583 | D:4      | Found a runed translucent door.
  3588 | D:4      | Noticed BillyBaka's ghost (amateur VSBr)
  3648 | D:4      | Reached skill level 5 in Axes
  3931 | D:4      | Noticed Sigmund
  4009 | D:4      | Killed Sigmund
  4010 | D:4      | Reached XP level 7. HP: 48/60 MP: 6/6
  4178 | D:5      | Entered Level 5 of the Dungeon
  4178 | D:5      | Noticed Eustachio
  4308 | D:5      | Reached skill level 6 in Axes
  4315 | D:5      | Reached skill level 5 in Fighting
  4588 | D:5      | Found an iron altar of Okawaru.
  4591 | D:5      | Noticed Blork the orc
  4608 | D:5      | Killed Blork the orc
  4609 | D:5      | Reached XP level 8. HP: 60/68 MP: 7/7
  4709 | D:5      | Found a transporter.
  4711 | D:5      | Noticed JoshKwa's ghost (novice DrFE)
  4731 | D:5      | Found a transporter.
  4887 | D:5      | Killed Eustachio
  5119 | D:6      | Reached skill level 7 in Axes
  5492 | D:6      | Noticed a yak
  5492 | D:6      | Noticed a yak
  5492 | D:6      | Noticed a yak
  5507 | D:6      | Noticed a yak
  5523 | D:6      | Noticed a yak
  5525 | D:6      | Killed a yak
  5526 | D:6      | Reached XP level 9. HP: 67/78 MP: 8/8
  5534 | D:6      | Reached skill level 8 in Axes
  5534 | D:6      | Reached skill level 5 in Armour
  5850 | D:6      | Learned a level 4 spell: Dispel Undead
  5891 | D:6      | Found a hide-covered altar of Uskayaw.
  5923 | D:6      | Found a snail-covered altar of Cheibriados.
  6499 | D:7      | Found a staircase to the Ecumenical Temple.
  6509 | Temple   | Entered the Ecumenical Temple
  6609 | D:7      | Noticed a hornet
  6613 | D:7      | Killed a hornet
  6945 | D:7      | Reached skill level 9 in Axes
  7454 | D:8      | Reached skill level 1 in Shields
  7454 | D:8      | Reached skill level 1 in Evocations
  7470 | D:7      | Reached XP level 10. HP: 72/88 MP: 9/9
  7734 | D:8      | Found a flagged portal.
  7806 | Bailey   | Entered a bailey
  8042 | Bailey   | Noticed an orc warlord
  8336 | Bailey   | Found a runed translucent gate.
  8336 | Bailey   | Found a runed translucent gate.
  8336 | Bailey   | Found a runed translucent gate.
  8412 | Bailey   | Acquired a manual of Necromancy
  8855 | Bailey   | HP: 2/88 [orc warlord/+4 battleaxe (32)]
  8857 | Bailey   | Demolished by an orc warlord

Illustrated notes

Levels and vault maps discovered:
D:1:      onia_arrival_mini_spirals, layout_rooms,
          shapermc_ecumenical_altar_mp_vishouse, minmay_misc_feat_x
D:2:      layout_loops_corners
D:3:      minmay_thinvault, layout_loops_cross,
          nicolae_overflow_ecumenical_swirl, serial_co_window_serial,
          co_window_paths_b, co_window_paths_a, co_window_corner_a,
          co_window_of_opportunity_a, co_window_paths_a,
          co_window_unsneaky_path_e, co_window_broadway_b,
          co_window_of_opportunity_c, co_window_of_opportunity_b,
          co_window_unsneaky_path_b, co_window_broadway_a, solitary_fountain
D:4:      layout_basic, ebering_ghost_sewer_d, kennysheep_cluttered_room,
          minmay_misc_feat_chi, uniq_sigmund
D:5:      layout_rooms, okawaru_trees_1, gammafunk_ghost_smash, uniq_eustachio,
          uniq_blork_the_orc
D:6:      layout_rooms, general_overflow_altar, nicolae_overflow_hidden_temple,
          serial_corexii_hall, chequers_hall_statues_y,
          chequers_hall_statues_wall_a, corexii_hall_statues_t,
          chequers_hall_statues_wall_a, corexii_hall_statues_i,
          corexii_hall_statues_x
D:7:      layout_gridville, minmay_temple_entry_overgrown
D:8:      layout_basic, jmf_multi_god_temple2, enter_bailey_5
Temple:   nicolae_temple_great_sept
Bailey:   bailey_axe_bossmonster_kennysheep, bailey

Skill      XL: |  1  2  3  4  5  6  7  8  9 10 |
---------------+-------------------------------+-----
Axes           | 3 4 5 6 7 9 |  9.5
Armour         | 1 2 3 4 6 |  6.1
Fighting       | 3 4 5 6 7 |  7.9
Throwing       | 2 |  2.0
Shields        | 1 2 |  2.0
Evocations     | 1 |  1.8
Dodging        | |  2.6

Action                     |  1- 3 |  4- 6 |  7- 9 | 10-12 || total
---------------------------+-------+-------+-------+-------++-------
  Melee: War axe           |   113 |   218 |   223 |    94 ||   648
         Punch             |     1 |       |     5 |       ||     6
  Throw: Throwing net      |       |     3 |     4 |       ||     7
         Javelin           |       |       |     1 |       ||     1
         Boomerang         |       |       |     4 |    29 ||    33
         Dart              |       |       |       |     4 ||     4
    Use: Scroll            |       |     3 |    10 |     6 ||    19
         Potion            |       |       |     5 |     2 ||     7
   Stab: Held in net/web   |       |     1 |     2 |       ||     3
 Armour: Leather armour    |    28 |       |       |       ||    28
         Chain mail        |    33 |   125 |   153 |    30 ||   341
  Dodge: Dodged            |    84 |    88 |   146 |    37 ||   355
  Block: Buckler           |       |       |     5 |    12 ||    17
